 Dungeon Crawl Stone Soup version 0.31-a0-1172-g9944ec47dd (webtiles) character file.

Game seed: 2384440328960566194

5497 backslashecho the Mimic (level 11, -14/92 HPs)
             Began as a Meteoran Shapeshifter on Dec 10, 2023.
             Was an Elder of Uskayaw.
             Demolished by an orc warrior
             ... wielding a +0 glaive
              (18 damage)
             ... on level 9 of the Dungeon.
             The game lasted 00:22:12 (3731 turns).

backslashecho the Mimic (Meteoran Shapeshifter)     Turns: 3731, Time: 00:22:12

Health: -14/92     AC:  3    Str: 16    XL:     11   Next: 20%
Magic:  18/18      EV: 15    Int: 12    God:    Uskayaw [****..]
Gold:   281        SH:  0    Dex: 18    Spells: 10/10 levels left

rFire   . .          .
                       - Unarmed
rCold   . . .        (shield currently unavailable)
rNeg    . . .        F - +0 swamp dragon scales
rPois   +            (no helmet)
rElec   .            n - +1 cloak
rCorr   .            i - melded +0 pair of gloves
SInv    .            m - +0 pair of boots
Will    ++...        y - amulet of the acrobat
Stlth   +            w - ring of willpower
HPRegen 0.35/turn    (no ring)
MPRegen 0.16/turn

%: acrobat
@: blade hands, glowing
A: sense surroundings 2, otherworldly, glowing, explore regen
a: Begin Untransformation, Renounce Religion, Stomp, Line Pass


You were on level 9 of the Dungeon.
You worshipped Uskayaw.
Uskayaw was aware of your devotion.
You had blades for hands.
You visited 1 branch of the dungeon, and saw 9 of its levels.

You collected 311 gold pieces.
You spent 30 gold pieces at shops.

Inventory:

Missiles
 e - 13 poisoned darts
Armour
 a - a +0 animal skin
 i - a +0 pair of gloves (melded)
 m - a +0 pair of boots (worn)
 n - a +1 cloak (worn)
 z - a +0 kite shield
 F - +0 swamp dragon scales (worn)
Jewellery
 w - a ring of willpower (left blade hand)
 y - an amulet of the acrobat (around neck)
Talismans
 c - a beast talisman
 d - a flux talisman
 s - a blade talisman (active)
 B - a storm talisman
Wands
 j - a wand of paralysis (4)
 t - a wand of light (4) (quivered)
 D - a wand of polymorph (11)
 H - a wand of roots (10)
Scrolls
 f - a scroll of teleportation
 g - a scroll of blinking
 h - a scroll of torment
 k - a scroll of noise {unknown}
 l - a scroll of poison {unknown}
 o - a scroll of fear {unknown}
 p - a scroll of brand weapon {unknown}
 v - 4 scrolls of amnesia
 x - 2 scrolls of silence {unknown}
 A - 2 scrolls of fog {unknown}
 C - a scroll of enchant armour {unknown}
 E - 2 scrolls of revelation {unknown}
 G - a scroll of vulnerability {unknown}
 I - a scroll of identify
Potions
 b - a potion of lignification
 q - a potion of might
 u - a potion of cancellation


   Skills:
 * Level 7.4 Fighting
 - Level 9.0 Dodging
 + Level 6.2 Unarmed Combat
 - Level 9.0 Invocations
 - Level 10.0 Shapeshifting


You had 10 spell levels left.
You didn't know any spells.
Your spell library contained the following spells:

 Spells                   Type           Power      Damage    Failure   Level
 Cigotuvi's Dreadful Rot  Necr/Pois/Air  0%         N/A       67%         2
 Sublimation of Blood     Necr           0%         N/A       67%         2
 Wereblood                Tmut           0%         N/A       67%         2
 Dazzling Flash           Conj/Hex       0%         N/A       88%         3
 Dispel Undead            Necr           0%         3d6       99%         4
 Agony                    Necr           0%         N/A       100%        5
 Silence                  Hex/Air        0%         N/A       100%        5
 Death Channel            Necr           0%         N/A       100%        6
 Summon Hydra             Summ           0%         N/A       100%        7


Dungeon Overview and Level Annotations

Branches:
Dungeon (9/15) Zot: 1725   Temple (0/1) D:5
   Lair: D:8-11         Orc: D:9-12

Altars:
Cheibriados
Okawaru
Qazlal
Trog
Uskayaw

Shops:
D:5 **


Innate Abilities, Weirdness & Mutations

You have blades for hands.
You are incapable of wielding weapons or throwing items.
You passively map the area around you.
You are easily found by Zot.
You glow in the dark.
You regain HP and MP as you explore.


Message History

The orc warrior is lightly wounded.
The orc hits you from afar with a +0 trident.
The orc priest hits you with a +0 club.
The orc warrior unwields a +0 orcbow.
The orc warrior wields a +0 glaive.
The orc warrior hits you with a +0 glaive.
You take 9 damage, and have 83/92 hp.
You closely miss the orc warrior.
The orc warrior is lightly wounded.
The orc misses you.
The orc priest calls down the wrath of Beogh upon you.
Beogh smites you! The orc warrior barely misses you.
You take 8 damage, and have 75/92 hp.
You closely miss the orc priest.
The orc warrior is no longer sharing its pain.
The orc barely misses you. x2
The orc priest mumbles some strange prayers to Beogh against you.
Beogh smites you! The orc warrior closely misses you.
You take 13 damage, and have 62/92 hp.
You slash the orc priest!
You kill the orc!
The orc priest is severely wounded.
The orc priest calls down the wrath of Beogh upon you.
You resist with almost no effort. The orc misses you.
You hit the orc priest but do no damage.
The orc priest is severely wounded.
The orc warrior hits you with a +0 glaive!!
The orc closely misses you.
The orc priest looks satisfied for a moment.
You take 19 damage, and have 43/92 hp.
MASSIVE DAMAGE!!
You slash the orc priest!
You kill the orc!
You kill the orc priest!
The orc warrior barely misses you.
You barely miss the orc warrior.
The orc warrior is lightly wounded.
The orc warrior hits you with a +0 glaive!
You take 16 damage, and have 28/92 hp.
You hit the orc warrior but do no damage.
You slash the orc warrior!
The orc warrior is heavily wounded.
The orc warrior hits you with a +0 glaive!
* * * LOW HITPOINT WARNING * * *
You take 16 damage, and have 12/92 hp.
You feel better.
The orc warrior hits you with a +0 glaive!!
* * * LOW HITPOINT WARNING * * *
You take 8 damage, and have 4/92 hp.
You hit the orc warrior.
The orc warrior is severely wounded.
The orc warrior hits you with a +0 glaive!!
You die...

######### *
#........ ,,
###........, ,* ###
#.).o...... , ,,
####>####..@)......
, ,
#.<)........)......,
,
####.#.##.#..).....
#............... , ,
, #.#.............
,,, #.##...###....##
* #.##..... ....#
#.##.########## * *
, #.# .. , < , , *


You could see an orc warrior.

Vanquished Creatures
  A two-headed ogre (D:9)
  Maurice (D:7)
  Maggie (D:8)
  A wyvern (D:8)
  5 yaks
  Menkaure (D:4)
  4 water moccasins
  3 orc warriors
  3 ice beasts
  A black bear (D:8)
  2 centaurs (D:8)
  An ogre (D:6)
  3 phantoms (D:5)
  3 kobold brigands
  4 bullfrogs
  3 scorpions
  6 wights (D:8)
  2 howler monkeys
  2 bullfrog zombies (D:5)
  A centaur zombie (D:5)
  5 orc priests
  A centaur skeleton (D:5)
  2 hounds (D:5)
  2 iguanas
  3 orc wizards
  A hound zombie (D:5)
  8 adders
  A shadow imp (D:6)
  4 white imps
  2 ufetubi (D:6)
  An adder zombie (D:5)
  A dart slug (D:2)
  25 orcs
  5 ball pythons
  5 endoplasms
  5 giant cockroaches
  3 goblins
  7 hobgoblins
  16 kobolds
  5 quokkas
  4 bats (D:1)
  2 frilled lizards (D:1)
156 creatures vanquished.

Notes
Turn   | Place    | Note
-------+----------+-------------------------------------------
     0 | D:1      | backslashecho the Meteoran Shapeshifter began the quest for
                  | the Orb.
     0 | D:1      | Reached XP level 1. HP: 16/16 MP: 2/2
   135 | D:1      | Reached XP level 2. HP: 23/23 MP: 3/3
   163 | D:1      | Reached skill level 4 in Shapeshifting
   252 | D:1      | Found a faded altar of an unknown god.
   262 | D:1      | Prayed at the altar of an unknown god.
   262 | D:1      | Became a worshipper of Uskayaw the Reveller
   262 | D:1      | Reached * piety under Uskayaw
   276 | D:1      | Reached ** piety under Uskayaw
   315 | D:1      | Reached XP level 3. HP: 25/28 MP: 4/4
   856 | D:2      | Reached XP level 4. HP: 29/35 MP: 5/5
  1043 | D:3      | Reached skill level 5 in Shapeshifting
  1078 | D:3      | Reached XP level 5. HP: 40/40 MP: 6/6
  1255 | D:3      | You fall into a shaft and drop 1 floor!
  1278 | D:4      | Reached skill level 5 in Unarmed Combat
  1278 | D:4      | Reached XP level 6. HP: 13/47 MP: 7/7
  1281 | D:4      | HP: 2/47 [poisoned by a scorpion]
  1314 | D:4      | Reached skill level 6 in Shapeshifting
  1499 | D:4      | Noticed Menkaure
  1507 | D:4      | Killed Menkaure
  1508 | D:4      | Reached skill level 1 in Invocations
  1508 | D:4      | Reached skill level 7 in Shapeshifting
  1508 | D:4      | Reached XP level 7. HP: 55/55 MP: 7/9
  1595 | D:5      | Entered Level 5 of the Dungeon
  1650 | D:5      | Reached *** piety under Uskayaw
  1762 | D:5      | Reached XP level 8. HP: 39/63 MP: 11/11
  1861 | D:5      | Found an iron altar of Okawaru.
  1865 | D:5      | Found a stormy altar of Qazlal.
  1905 | D:5      | Reached skill level 5 in Invocations
  1922 | D:5      | Found Vevvoett's General Store.
  1923 | D:5      | Found Vicuozan's Specific Store.
  1932 | D:5      | Bought a scroll of identify for 30 gold pieces
  1992 | D:5      | Reached skill level 5 in Fighting
  1996 | D:5      | Found a staircase to the Ecumenical Temple.
  2206 | D:6      | Gained mutation: You passively map the area around you.
                  | [Meteoran growth]
  2206 | D:6      | Reached XP level 9. HP: 45/74 MP: 13/15
  2409 | D:7      | Reached **** piety under Uskayaw
  2414 | D:7      | Reached ***** piety under Uskayaw
  2446 | D:7      | Noticed Maurice
  2477 | D:7      | Maurice stole a storm talisman
  2478 | D:7      | Maurice stole 5 poisoned darts
  2493 | D:7      | Maurice stole a +0 kite shield
  2494 | D:7      | Maurice stole 191 gold
  2496 | D:7      | Killed Maurice
  2497 | D:7      | Reached skill level 8 in Shapeshifting
  2613 | D:7      | Reached skill level 5 in Dodging
  2704 | D:7      | Reached skill level 9 in Shapeshifting
  2704 | D:7      | Reached XP level 10. HP: 66/81 MP: 17/17
  2848 | D:8      | Found a bloodstained altar of Trog.
  2966 | D:8      | Reached skill level 10 in Shapeshifting
  3360 | D:8      | Noticed Maggie
  3372 | D:8      | Killed Maggie
  3442 | D:8      | Reached XP level 11. HP: 46/89 MP: 18/18
  3578 | D:8      | Found a snail-covered altar of Cheibriados.
  3696 | D:9      | Noticed a two-headed ogre
  3708 | D:9      | Killed a two-headed ogre
  3730 | D:9      | HP: 4/92 [orc warrior/+0 glaive (18)]
  3731 | D:9      | Demolished by an orc warrior

Illustrated notes

Levels and vault maps discovered:
D:1:      minmay_arrival_up_and_down, layout_loops_corners,
          basic_ecumenical_altar
D:2:      layout_loops_corners
D:3:      layout_rooms
D:4:      layout_gridville, grunt_dithmenos_smoke_and_mirrors,
          mainiacjoe_overflow_alcove_1, uniq_menkaure
D:5:      layout_loops_corners, mainiacjoe_overflow_tiny_flanked,
          marbit_many_paths, grunt_temple_overflow_open,
          minmay_temple_entry_enclosed_plants, serial_undead, serial_undead_f,
          serial_undead_b, serial_undead_f, serial_undead_c,
          nicolae_specific_store, nicolae_elevator_lobby_plus, uniq_pikel,
          uniq_duvessa
D:6:      layout_rooms
D:7:      layout_rooms, chequers_avenue, hangedman_decor_opposing, uniq_maurice
D:8:      layout_cave_pools, mainiacjoe_overflow_boulevard, cheibriados_altar_1,
          serial_park, serial_park_tiny_2, serial_park_gazebo
          [serial_park_minivault_5x5_1], serial_park_square3
          [serial_park_minivault_5x5_7], serial_park_square3
          [serial_park_minivault_5x5_8], serial_park_square1
          [serial_park_minivault_5x5_2], minivault_1, serial_park_tiny_2,
          minmay_hedge_maze, uniq_maggie
D:9:      layout_basic, lemuel_round_altar

Skill      XL: |  1  2  3  4  5  6  7  8  9 10 11 |
---------------+----------------------------------+-----
Shapeshifting  | 4 5 7 9 10 | 10.0
Unarmed Combat | 4 5 6 |  6.2
Fighting       | 2 3 5 6 7 |  7.4
Invocations    | 1 3 6 8 9 |  9.0
Dodging        | 3 5 9 |  9.0

Action                     |  1- 3 |  4- 6 |  7- 9 | 10-12 || total
---------------------------+-------+-------+-------+-------++-------
  Melee: Unarmed           |    59 |   103 |   274 |   194 ||   630
         Punch             |     1 |     1 |       |     8 ||    10
  Evoke: Wand              |       |       |       |     5 ||     5
    Use: Potion            |       |     2 |       |     2 ||     4
         Scroll            |       |       |     6 |     2 ||     8
   Stab: Paralysed         |       |       |    12 |    20 ||    32
         Invisible         |       |       |       |     2 ||     2
 Armour: Animal skin       |    24 |    49 |    10 |    30 ||   113
         Skin              |       |     1 |   106 |    29 ||   136
         Swamp dragon scal |       |       |       |    18 ||    18
  Dodge: Dodged            |    28 |    59 |   261 |   140 ||   488
   Form: Flux              |       |       |     1 |       ||     1
         Blade             |       |       |       |     1 ||     1

Table legend: (Time is in decaauts)
 A = Elapsed time spent in this place.
 B = Non-inter-level travel time spent in this place.
 C = Inter-level travel time spent in this place.
 D = Time resting spent in this place.
 E = Time spent auto-exploring this place.
 F = Levels seen in this place.
 G = Mean time per level.
                   A        B        C        D        E       F      G
               +--------+--------+--------+--------+--------+-----+--------+
         Total |   3673 |   3472 |    201 |    249 |    635 |   9 |  408.1 |
       Dungeon |   3673 |   3472 |    201 |    249 |    635 |   9 |  408.1 |
               +--------+--------+--------+--------+--------+-----+--------+

Top non-repeatable levels by time:
     D:2: 693 daAuts
     D:7: 663 daAuts
     D:8: 658 daAuts
     D:5: 425 daAuts
     D:1: 332 daAuts
     D:6: 310 daAuts
     D:4: 282 daAuts
     D:3: 272 daAuts
     D:9: 34 daAuts
